 Seeded DCSS version 0.28-a0-1159-g27aa881441 (webtiles) character file.

Game seed: 3047507878316767220 (custom seed)

8554 croobank the Cleaver (level 11, -1/89 HPs)
             Began as a Gnoll Cinder Acolyte on Dec 15, 2021.
             Was a High Priest of Ignis.
             Killed from afar by a gargoyle (11 damage)
             ... with a stone arrow
             ... on level 11 of the Dungeon.
             The game lasted 01:51:25 (9742 turns).

croobank the Cleaver (Gnoll Cinder Acolyte)         Turns: 9742, Time: 01:51:26

Health: -1/89      AC: 22    Str: 15    XL:     11   Next: 32%
Magic:  21/21      EV: 13    Int: 15    God:    Ignis [*****.]
Gold:   797        SH:  0    Dex:  9    Spells: 14/23 levels left

rFire   . . .      SeeInvis .   a - +4 hand axe (flame)
rCold   . . .      Faith    .   (no shield)
rNeg    . . .      Spirit   .   p - +1 steam dragon scales
rPois   +          Reflect  .   y - +0 helmet
rElec   +          Harm     .   H - +1 cloak {Will+}
rCorr   .          Rampage  .   o - +2 pair of gloves of Meosham {rElec rPois rF- Regen+ Stlth-}
Will    +....                   u - +0 pair of boots
Stlth   ++........              (no amulet)
HPRegen 1.04/turn               S - ring of wizardry
MPRegen 0.17/turn               t - ring of poison resistance

@: about to teleport, fiery-armoured
A: fangs 1, strong nose, distributed training
a: Renounce Religion, Fiery Armour, Foxfire Swarm


You were on level 11 of the Dungeon.
You worshipped Ignis.
Ignis was extremely pleased with you.
You visited 1 branch of the dungeon, and saw 12 of its levels.
You also visited: Ossuary.

You collected 797 gold pieces.

Inventory:

Hand Weapons
 a - a +4 hand axe of flaming (weapon)
 b - a +0 hunting sling of freezing
 C - a +2 flail of protection
 G - a +4 battleaxe of freezing
 Q - a +3 dagger of chaos
Missiles
 k - 27 poisoned darts
 n - 272 stones
 q - 101 sling bullets
 x - 6 javelins (quivered)
 L - 2 boomerangs
 P - 3 curare-tipped darts
Armour
 o - the +2 pair of gloves of Meosham (worn) {rElec rPois rF- Regen+ Stlth-}
   (You acquired it on level 2 of the Dungeon)

   rF:        It makes you vulnerable to fire.
   rElec:     It insulates you from electricity.
   rPois:     It protects you from poison.
   Regen:     It increases your rate of health regeneration.
   Stlth:     It makes you less stealthy.
 p - +1 steam dragon scales (worn)
 u - a +0 pair of boots (worn)
 y - a +0 helmet (worn)
 H - a +1 cloak of willpower (worn)
 O - the +0 helmet "Ufupn" {rPois rC- rCorr Str-2}
   (You took it off Robin on level 2 of the Dungeon)

   Str:       It affects your strength (-2).
   rC:        It makes you vulnerable to cold.
   rPois:     It protects you from poison.
   rCorr:     It protects you from acid and corrosion.
Jewellery
 j - a ring of protection from cold
 t - a ring of poison resistance (right hand)
 S - a ring of wizardry (left hand)
Wands
 E - a wand of charming (13)
 I - a wand of iceblast (5)
 R - a wand of flame (10)
Scrolls
 e - a scroll of holy word
 l - 2 scrolls of immolation
 v - 2 scrolls of teleportation
 z - a scroll of amnesia {unknown}
 F - a scroll of fear {unknown}
Potions
 d - 2 potions of ambrosia
 f - 3 potions of curing
 i - a potion of cancellation
 A - 3 potions of haste {unknown}
 B - 2 potions of brilliance
 J - 3 potions of flight {unknown}
 K - a potion of invisibility {unknown}
 N - 2 potions of lignification {unknown}
 T - 2 potions of might {unknown}


   Skills:
 + Level 9.1 Fighting
 + Level 6.2 Short Blades
 + Level 6.2 Long Blades
 + Level 9.1 Axes
 + Level 6.2 Maces & Flails
 + Level 6.2 Polearms
 + Level 6.2 Staves
 + Level 6.2 Slings
 + Level 6.2 Bows
 + Level 6.2 Crossbows
 + Level 6.2 Throwing
 + Level 6.2 Armour
 + Level 6.2 Dodging
 + Level 6.2 Stealth
 + Level 6.2 Shields
 + Level 6.2 Unarmed Combat
 + Level 6.8 Spellcasting
 + Level 5.1 Conjurations
 + Level 5.1 Hexes
 + Level 5.1 Summonings
 + Level 5.1 Necromancy
 + Level 5.1 Translocations
 + Level 5.1 Transmutations
 + Level 7.6 Fire Magic
 + Level 5.1 Ice Magic
 + Level 5.1 Air Magic
 + Level 5.1 Earth Magic
 + Level 5.1 Poison Magic
 + Level 6.8 Invocations
 + Level 6.2 Evocations


You had 14 spell levels left.
You knew the following spells:

 Your Spells              Type           Power      Damage    Failure   Level
a - Scorch                Fire           54%        2d8       1%          2
b - Beastly Appendage     Tmut           40%        N/A       1%          1
c - Wereblood             Tmut           20%        N/A       1%          2
d - Airstrike             Air            10%        N/A       6%          4

Your spell library contained the following spells:

 Spells                   Type           Power      Damage    Failure   Level
 Animate Skeleton         Necr           40%        N/A       1%          1
 Pain                     Necr           80%        1d8       1%          1
 Shock                    Conj/Air       80%        1d8       1%          1
 Conjure Flame            Conj/Fire      24%        6-21      1%          3
 Gell's Gravitas          Tloc           20%        N/A       1%          3
 Ignite Poison            Fire/Tmut/Pois 23%        N/A       1%          3
 Lesser Beckoning         Tloc           20%        N/A       1%          3
 Spider Form              Tmut/Pois      20%        N/A       1%          3
 Swiftness                Air            20%        N/A       1%          3
 Teleport Other           Tloc           20%        N/A       1%          3
 Vampiric Draining        Necr           20%        2d7       1%          3
 Sticky Flame             Conj/Fire      24%        2d5       4%          4
 Leda's Liquefaction      Hex/Erth       10%        N/A       6%          4
 Lee's Rapid Deconstruct  Erth           10%        3d9*      17%         5
 Statue Form              Tmut/Erth      13%        N/A       65%         6


Dungeon Overview and Level Annotations

Branches:
Dungeon (12/15)            Temple (0/1) D:7         Ossuary (visited)
   Lair: D:8-11         Orc: D:9-12

Altars:
Ashenzari
Gozag
Okawaru
Uskayaw

Shops:
D:1 :   D:2 =   D:4 :   D:6 (   D:8 *   D:9 *

Annotations:
D:5 3 runed translucent doors, ThrustWizard's ghost, novice DsGl; Wollwoll's ghost, novice DsIE; math4jedi's ghost, novice MiFi; spaghetti's ghost, weakling DjDe; spaghetti's ghost, weakling OpDe
D:8 2 transporters, Grum; Snarg's ghost, novice DgWn
D:12 Erolcha


Innate Abilities, Weirdness & Mutations

You have very sharp teeth.
Your uncanny sense of smell can sniff out nearby items.
Your experience applies equally to all skills.


Message History

Nothing appears to happen.
The orc warrior hits you with a +0 war axe!
* * * LOW HITPOINT WARNING * * *
As you read the scroll of teleportation, it crumbles to dust.
You feel strangely unstable. The orc warrior misses you.
Your surroundings suddenly seem different.
A gargoyle and a two-headed ogre come into view.
Found 28 sling bullets.
Found a stone staircase leading down.
Your magical contamination has completely faded away.
You hear the loud beating of a very distant drum.
There is a stone staircase leading down here.
You climb downwards.
Erolcha shouts!
The slime creature quivers.
Found a stone staircase leading up.
There is a stone staircase leading up here.
You climb upwards.
You hear a distant snort.
Hark!
There is a gateway to a gauntlet on this level.
Find the entrance quickly before the gate is sealed!
There is a stone staircase leading down here.
A protective cloak of flame settles atop you.
The two-headed ogre barely misses you. x2
You hit the two-headed ogre but do no damage.
You hit the two-headed ogre. You burn the two-headed ogre.
The two-headed ogre is lightly wounded.
The two-headed ogre hits you with a +0 giant club!
* * * LOW HITPOINT WARNING * * *
The two-headed ogre is burned by your cloak of flames.
The two-headed ogre is moderately wounded.
The two-headed ogre misses you.
As you read the scroll of teleportation, it crumbles to dust.
You feel strangely unstable.
The two-headed ogre hits you with a +0 giant club.
* * * LOW HITPOINT WARNING * * *
The two-headed ogre is burned by your cloak of flames.
The two-headed ogre is moderately wounded.
The two-headed ogre closely misses you.
The gargoyle hurls a stone arrow at you.
The stone arrow hits you!
You die...

o.....# ... .....#
... ∆ ....# ...
..[# #.# #)## ##.#
####'## #..# ∆
#...... ######
#..# #......
...9(.######@#
#######
..O.....#O>.###.
#......9........
∆∆##..............
∆∆
∆#...###.###..## ∆
∆ #...# #+# ### ∆
#.... #......
###.....


You could see a two-headed ogre and a gargoyle.

Vanquished Creatures
  Sonja (D:10)
  An ugly thing (D:10)
  A cyclops (D:11)
  Maurice (D:10)
  Psyche (D:10)
  A troll (D:9)
  A wraith (D:9)
  2 wyverns
  10 yaks
  2 vampires (D:10)
  A steam dragon (D:7)
  A warg (D:11)
  3 water moccasins
  2 orc warriors
  2 black bears
  An ice beast (D:6)
  2 hornet zombies
  4 ogres
  2 kobold brigands
  2 bullfrogs
  A gnoll sergeant (D:7)
  8 scorpions
  A water moccasin zombie (D:5)
  A water moccasin skeleton (D:4)
  3 killer bees (D:8)
  5 wights (D:7)
  3 howler monkeys
  A bullfrog zombie (D:6)
  2 jellies
  8 orc priests
  A centaur skeleton (D:7)
  4 hounds
  A bullfrog skeleton (D:6)
  5 iguanas
  12 orc wizards
  A killer bee zombie (D:7)
  A hound zombie (D:5)
  3 hound skeletons
  8 mummies (Ossuary)
  A howler monkey zombie (D:9)
  Robin (D:2)
  8 gnolls
  7 adders
  A white imp (D:3)
  An ufetubus (D:5)
  2 adder skeletons (D:4)
  3 dart slugs
  37 orcs
  9 bats
  7 endoplasms
  3 giant cockroaches
  A gnoll zombie (Ossuary)
  13 goblins
  15 hobgoblins
  3 jackals
  13 kobolds
  7 quokkas
  8 ball pythons
  5 frilled lizards
  3 hobgoblin zombies (Ossuary)
  A kobold zombie (Ossuary)
  3 orc zombies (Ossuary)
  5 rats
267 creatures vanquished.

Vanquished Creatures (others)
  7 plants
7 creatures vanquished.

Grand Total: 274 creatures vanquished

Notes
Turn   | Place    | Note
-------+----------+-------------------------------------------
     0 | D:1      | croobank the Gnoll Cinder Acolyte began the quest for the
                  | Orb.
     0 | D:1      | Reached XP level 1. HP: 23/23 MP: 4/4
    86 | D:1      | Reached XP level 2. HP: 8/29 MP: 5/5
   783 | D:1      | Learned a level 2 spell: Scorch
   783 | D:1      | Found Qehuiv's Book Shoppe.
   949 | D:1      | Reached XP level 3. HP: 35/35 MP: 7/7
  1277 | D:2      | Reached skill level 1 in Invocations
  1350 | D:2      | Found Ringib's Jewellery Shop.
  1578 | D:2      | Found a faded altar of an unknown god.
  1672 | D:2      | Reached skill level 1 in Short Blades
  1672 | D:2      | Reached skill level 1 in Long Blades
  1672 | D:2      | Reached skill level 1 in Maces & Flails
  1672 | D:2      | Reached skill level 1 in Polearms
  1672 | D:2      | Reached skill level 1 in Staves
  1672 | D:2      | Reached skill level 1 in Slings
  1672 | D:2      | Reached skill level 1 in Bows
  1672 | D:2      | Reached skill level 1 in Crossbows
  1672 | D:2      | Reached skill level 1 in Throwing
  1672 | D:2      | Reached skill level 1 in Armour
  1672 | D:2      | Reached skill level 1 in Dodging
  1672 | D:2      | Reached skill level 1 in Stealth
  1672 | D:2      | Reached skill level 1 in Shields
  1672 | D:2      | Reached skill level 1 in Unarmed Combat
  1672 | D:2      | Reached skill level 1 in Evocations
  1680 | D:2      | Reached XP level 4. HP: 41/41 MP: 1/8
  1893 | D:2      | Identified the +0 helmet "Ufupn" {rPois rC- rCorr Str-2}
  1893 | D:2      | Noticed Robin
  1899 | D:2      | Killed Robin
  1998 | D:2      | Identified a scroll of acquirement
  1998 | D:2      | Acquired the +2 pair of gloves of Meosham {rElec rPois rF-
                  | Regen+ Stlth-}
  2033 | D:2      | Reached skill level 1 in Conjurations
  2033 | D:2      | Reached skill level 1 in Hexes
  2033 | D:2      | Reached skill level 1 in Summonings
  2033 | D:2      | Reached skill level 1 in Necromancy
  2033 | D:2      | Reached skill level 1 in Translocations
  2033 | D:2      | Reached skill level 1 in Transmutations
  2033 | D:2      | Reached skill level 1 in Ice Magic
  2033 | D:2      | Reached skill level 1 in Air Magic
  2033 | D:2      | Reached skill level 1 in Earth Magic
  2033 | D:2      | Reached skill level 1 in Poison Magic
  2041 | D:2      | Reached XP level 5. HP: 44/47 MP: 9/9
  2500 | D:3      | Reached XP level 6. HP: 53/53 MP: 5/10
  3429 | D:4      | Reached XP level 7. HP: 60/60 MP: 1/12
  3593 | D:4      | Found Yrowotah's Book Shop.
  3614 | D:4      | Learned a level 1 spell: Beastly Appendage
  3617 | D:4      | Learned a level 2 spell: Wereblood
  3801 | D:4      | Reached XP level 8. HP: 67/67 MP: 3/14
  4062 | D:5      | Entered Level 5 of the Dungeon
  4280 | D:5      | Noticed a yak
  4280 | D:5      | Noticed a yak
  4280 | D:5      | Noticed a yak
  4293 | D:5      | Killed a yak
  4308 | D:5      | Killed a yak
  4316 | D:5      | Killed a yak
  4473 | D:5      | Found a runed translucent gate.
  4474 | D:5      | Found a runed translucent gate.
  4474 | D:5      | Found a runed translucent gate.
  4475 | D:5      | Noticed spaghetti's ghost (weakling DjDe)
  4475 | D:5      | Noticed ThrustWizard's ghost (novice DsGl)
  4475 | D:5      | Noticed Wollwoll's ghost (novice DsIE)
  4475 | D:5      | Noticed spaghetti's ghost (weakling OpDe)
  4475 | D:5      | Noticed math4jedi's ghost (novice MiFi)
  4569 | D:5      | Reached XP level 9. HP: 67/73 MP: 16/16
  4834 | D:5      | Found an iron altar of Okawaru.
  5004 | D:6      | Reached skill level 5 in Spellcasting
  5043 | D:6      | Found Poamiwk's Weapon Shoppe.
  5452 | D:6      | Found an opulent altar of Gozag.
  5452 | D:6      | Found a broken altar of Ashenzari.
  5478 | D:7      | Found a staircase to the Ecumenical Temple.
  5829 | D:7      | Reached skill level 5 in Invocations
  6174 | D:7      | Reached XP level 10. HP: 77/80 MP: 18/18
  6222 | D:8      | Found a sand-covered staircase.
  6226 | Ossuary  | Entered an ossuary
  6646 | D:8      | Reached skill level 5 in Short Blades
  6646 | D:8      | Reached skill level 5 in Long Blades
  6646 | D:8      | Reached skill level 5 in Maces & Flails
  6646 | D:8      | Reached skill level 5 in Polearms
  6646 | D:8      | Reached skill level 5 in Staves
  6646 | D:8      | Reached skill level 5 in Slings
  6646 | D:8      | Reached skill level 5 in Bows
  6646 | D:8      | Reached skill level 5 in Crossbows
  6646 | D:8      | Reached skill level 5 in Throwing
  6646 | D:8      | Reached skill level 5 in Armour
  6646 | D:8      | Reached skill level 5 in Dodging
  6646 | D:8      | Reached skill level 5 in Stealth
  6646 | D:8      | Reached skill level 5 in Shields
  6646 | D:8      | Reached skill level 5 in Unarmed Combat
  6646 | D:8      | Reached skill level 5 in Evocations
  6692 | D:8      | Found Iqonac's Hallowed Reliquary.
  6693 | D:8      | Noticed an angel
  6731 | D:8      | Found a transporter.
  6870 | D:8      | Upgraded the game from 0.28-a0-1152-g9c71ebef14 to
                  | 0.28-a0-1159-g27aa881441
  6873 | D:8      | Found a transporter.
  6878 | D:8      | Noticed Grum
  6886 | D:8      | Noticed Snarg's ghost (novice DgWn)
  6892 | D:8      | Identified the +6 scale mail "Xita" {Slay+2 SInv}
  7246 | D:5      | Learned a level 4 spell: Airstrike
  7453 | D:9      | Found Bewenaest's Serpentskin Sales.
  8497 | D:10     | Entered Level 10 of the Dungeon
  8497 | D:10     | Noticed Psyche
  8511 | D:10     | Killed Psyche
  8685 | D:10     | Found a hide-covered altar of Uskayaw.
  8819 | D:10     | Noticed Sonja
  8824 | D:10     | HP: 2/82 [Sonja (6)]
  8828 | D:10     | Killed Sonja
  8829 | D:10     | Reached XP level 11. HP: 32/87 MP: 20/20
  9006 | D:10     | Noticed a brown ugly thing
  9020 | D:10     | Killed a brown ugly thing
  9222 | D:10     | Noticed Maurice
  9319 | D:10     | Reached skill level 5 in Conjurations
  9319 | D:10     | Reached skill level 5 in Hexes
  9319 | D:10     | Reached skill level 5 in Summonings
  9319 | D:10     | Reached skill level 5 in Necromancy
  9319 | D:10     | Reached skill level 5 in Translocations
  9319 | D:10     | Reached skill level 5 in Transmutations
  9319 | D:10     | Reached skill level 5 in Ice Magic
  9319 | D:10     | Reached skill level 5 in Air Magic
  9319 | D:10     | Reached skill level 5 in Earth Magic
  9319 | D:10     | Reached skill level 5 in Poison Magic
  9345 | D:10     | Killed Maurice
  9560 | D:11     | Noticed a cyclops
  9718 | D:11     | Killed a cyclops
  9729 | D:11     | Noticed a two-headed ogre
  9735 | D:12     | Noticed Erolcha
  9735 | D:12     | Noticed a purple ugly thing
  9742 | D:11     | Killed from afar by a gargoyle

Illustrated notes

Levels and vault maps discovered:
D:1:      dpeg_arrival_rooms_with_view, layout_basic, serial_shops, shop
D:2:      layout_basic, serial_shops, shop, hellmonk_ecumenical_altar_blasted,
          amcnicky_mini_rare_corridor_liquid, solitary_fountain,
          minmay_misc_feat_four_crosses, uniq_robin
D:3:      minmay_razor_zed, layout_loops_cross
D:4:      layout_rooms, serial_shops, kennysheep_little_box
D:5:      layout_gridville, kennysheep_okawaru_gauntlet,
          gammafunk_ghost_cemetery
D:6:      layout_rooms, gammafunk_temple_overflow_wave, serial_shops, shop
D:7:      layout_basic, minmay_temple_entry_mini_moons
D:8:      layout_basic, nicolae_ossuary_entry_plus,
          gammafunk_ghost_gnarly_gnolls, nicolae_good_shop
D:9:      layout_loops_ring, serial_co_window_serial, co_window_corner_a,
          co_window_paths_b, co_window_paths_a, co_window_corner_a,
          co_window_paths_a, co_window_broadway_b, co_window_broadway_c,
          co_window_broadway_b, co_window_of_opportunity_b,
          co_window_unsneaky_path_d, co_window_paths_d, co_window_4corner_b,
          glass_columns_b, glass_columns_a, glass_columns_b, guppyfry_shop_venom
D:10:     layout_roguey, eat_drink_and_be_merry_uskayaw, uniq_sonja,
          uniq_maurice, uniq_psyche
D:11:     layout_gridville, erik_lair_orcish_takeover, gauntlet_entry_generic,
          minmay_joined_circles
D:12:     evilmike_diamond_1, layout_cave_pools, erik_orc_4, uniq_rupert,
          uniq_erolcha, uniq_jorgrun

Skill      XL: |  1  2  3  4  5  6  7  8  9 10 11 |
---------------+----------------------------------+-----
Invocations    | 1 2 3 4 5 6 |  6.8
Short Blades   | 1 2 3 4 5 6 |  6.2
Long Blades    | 1 2 3 4 5 6 |  6.2
Maces & Flails | 1 2 3 4 5 6 |  6.2
Polearms       | 1 2 3 4 5 6 |  6.2
Staves         | 1 2 3 4 5 6 |  6.2
Slings         | 1 2 3 4 5 6 |  6.2
Bows           | 1 2 3 4 5 6 |  6.2
Crossbows      | 1 2 3 4 5 6 |  6.2
Throwing       | 1 2 3 4 5 6 |  6.2
Armour         | 1 2 3 4 5 6 |  6.2
Dodging        | 1 2 3 4 5 6 |  6.2
Stealth        | 1 2 3 4 5 6 |  6.2
Shields        | 1 2 3 4 5 6 |  6.2
Unarmed Combat | 1 2 3 4 5 6 |  6.2
Evocations     | 1 2 3 4 5 6 |  6.2
Spellcasting   | 3 4 5 6 |  6.8
Conjurations   | 1 2 3 4 5 |  5.1
Hexes          | 1 2 3 4 5 |  5.1
Summonings     | 1 2 3 4 5 |  5.1
Necromancy     | 1 2 3 4 5 |  5.1
Translocations | 1 2 3 4 5 |  5.1
Transmutations | 1 2 3 4 5 |  5.1
Ice Magic      | 1 2 3 4 5 |  5.1
Air Magic      | 1 2 3 4 5 |  5.1
Earth Magic    | 1 2 3 4 5 |  5.1
Poison Magic   | 1 2 3 4 5 |  5.1
Fighting       | 7 8 9 |  9.1
Axes           | 7 8 9 |  9.1
Fire Magic     | 6 7 |  7.6

Action                   |  1- 3 |  4- 6 |  7- 9 | 10-12 || total
-------------------------+-------+-------+-------+-------++-------
Melee: Hand axe          |   106 |    74 |   285 |   362 ||   827
       Bite              |     7 |     7 |    29 |    33 ||    76
       Headbutt          |       |       |     6 |     2 ||     8
       Kick              |       |       |     6 |     7 ||    13
       Punch             |       |       |     3 |     8 ||    11
       Hunting sling     |       |       |       |    15 ||    15
 Fire: Hunting sling     |       |       |     6 |    44 ||    50
Throw: Boomerang         |    13 |    27 |       |       ||    40
       Dart              |       |       |    22 |       ||    22
       Javelin           |       |       |    33 |     3 ||    36
 Cast: Scorch            |     5 |    46 |    14 |     7 ||    72
       Wereblood         |       |       |    11 |     3 ||    14
       Beastly Appendage |       |       |     3 |     4 ||     7
       Airstrike         |       |       |       |     3 ||     3
Invok: Rising Flame      |       |       |       |     1 ||     1
       Fiery Armour      |       |       |       |     1 ||     1
Evoke: Wand              |       |       |       |    19 ||    19
  Use: Scroll            |       |     8 |    10 |     8 ||    26
       Potion            |       |       |     1 |     4 ||     5
 Stab: Sleeping          |       |       |     1 |     1 ||     2
       Paralysed         |       |       |       |    16 ||    16
Armor: Robe              |    16 |       |       |       ||    16
       Ring mail         |    14 |       |       |       ||    14
       Steam dragon scal |    17 |    34 |    95 |   150 ||   296
Dodge: Dodged            |    76 |    67 |   186 |   162 ||   491

Table legend: (Time is in decaauts)
 A = Elapsed time spent in this place.
 B = Non-inter-level travel time spent in this place.
 C = Inter-level travel time spent in this place.
 D = Time resting spent in this place.
 E = Time spent auto-exploring this place.
 F = Levels seen in this place.
 G = Mean time per level.
                   A        B        C        D        E       F      G
               +--------+--------+--------+--------+--------+-----+--------+
         Total |   9713 |   9363 |    350 |   1075 |   5260 |  13 |  747.2 |
       Dungeon |   9480 |   9130 |    350 |   1049 |   5260 |  12 |  790.0 |
       Ossuary |    233 |    233 |      0 |     26 |      0 |   1 |  233.0 |
               +--------+--------+--------+--------+--------+-----+--------+

Top non-repeatable levels by time:
     D:3: 1365 daAuts
     D:9: 1207 daAuts
     D:1: 1186 daAuts
    D:10: 1015 daAuts
     D:5: 960 daAuts
     D:2: 896 daAuts
     D:8: 752 daAuts
     D:7: 720 daAuts
     D:4: 698 daAuts
     D:6: 527 daAuts
 Ossuary: 233 daAuts
    D:11: 147 daAuts
    D:12: 1 daAuts
